 Dungeon Crawl Stone Soup version 0.19.5 (webtiles) character file.

14102 mcbry the Whirler (level 12, -2/74 HPs)
             Began as a Halfling Hunter on May 9, 2017.
             Was a High Priest of Cheibriados.
             Slain by a harpy (4 damage)
             ... summoned by Kirke
             ... on level 12 of the Dungeon.
             The game lasted 01:58:18 (16287 turns).

mcbry the Whirler (Halfling Hunter)                Turns: 16287, Time: 01:58:25

Health: -2/74      AC:  0    Str: 24    XL:     12   Next: 41%
Magic:  0/15       EV: 28    Int: 22    God:    Cheibriados [*****.]
Gold:   750        SH:  0    Dex: 29    Spells: 0 memorised, 11 levels left

rFire  . . .     SeeInvis .     (weapon currently unavailable)
rCold  . . .     Gourm    .     (armour currently unavailable)
rNeg   . . .     Faith    .     (shield currently unavailable)
rPois  .         Spirit   +     (helmet currently unavailable)
rElec  .         Reflect  .     (cloak currently unavailable)
rCorr  .         Harm     .     (gloves currently unavailable)
MR     .....                    (boots currently unavailable)
Stlth  +++++.....               s - amulet of guardian spirit
                                (ring currently unavailable)
                                (ring currently unavailable)

@: about to teleport, pig-form, slowed, very slow
A: mutation resistance 1
a: Bend Time, Temporal Distortion, Slouch, Step From Time, Renounce Religion


You were on level 12 of the Dungeon.
You worshipped Cheibriados.
Cheibriados was extremely pleased with you.
You were not hungry.
You were a filthy swine.
You visited 2 branches of the dungeon, and saw 13 of its levels.

You collected 907 gold pieces.
You spent 157 gold pieces at shops.

Inventory:

Hand Weapons
 a - a +4 hunting sling (melded)
 b - the +1 falchion "Tukkuy" {freeze, rF++}
   (You found it on level 10 of the Dungeon)

   It has been specially enchanted to freeze those struck by it, causing extra
   injury to most foes and up to half again as much damage against particularly
   susceptible opponents.
   It can also slow down cold-blooded creatures.
   It greatly protects you from fire.
 e - a +1 dagger of protection
 m - a +0 dagger of holy wrath
 G - a +2 long sword of slicing
 P - a +0 dagger of speed
Missiles
 g - 15 tomahawks
 n - 442 stones (quivered)
 M - 9 sling bullets
Armour
 o - a +1 cloak (melded)
 q - a +0 pair of gloves (melded)
 u - a +0 leather armour of fire resistance
 y - a +0 pair of boots (melded)
 C - a +0 helmet (melded)
 J - a +3 scale mail (melded)
Jewellery
 f - a +1 ring of slaying
 s - an amulet of guardian spirit (around neck)
 v - a +6 ring of protection (melded)
 w - an uncursed ring of ice
 D - the ring of Epludus {*Tele rN+}
   (You found it on level 10 of the Dungeon)

   [ring of teleportation]

   It may teleport you next to monsters.
   It protects you from negative energy.
 I - the ring "Nobeah" (melded) {-Tele MR+ Str+7 Int+3}
   (You found it on level 8 of the Dungeon)

   [ring of protection from magic]

   It affects your strength (+7).
   It affects your intelligence (+3).
   It affects your resistance to hostile enchantments.
   It prevents most forms of teleportation.
 N - an uncursed ring of ice
Wands
 c - a wand of acid (9/15)
 B - a wand of enslavement (4/24)
Scrolls
 h - 3 scrolls of recharging
 i - 4 scrolls of amnesia
 k - 3 scrolls of blinking
 p - 6 scrolls of remove curse
 A - 3 scrolls of magic mapping
Potions
 j - 2 potions of curing
 r - a potion of haste
 x - a potion of flight
Books
 H - a book of Minor Magic

   Spells                             Type                      Level
   a - Magic Dart                     Conjuration                  1
   b - Blink                          Translocation                2
   c - Call Imp                       Summoning                    2
   d - Repel Missiles                 Charms/Air                   2
   e - Slow                           Hexes                        2
   f - Conjure Flame                  Conjuration/Fire             3
   g - Mephitic Cloud                 Conjuration/Poison/Air       3
Miscellaneous
 l - a box of beasts
 E - a lamp of fire
Comestibles
 d - 2 beef jerkies
 F - 7 fruits
 K - a bread ration


   Skills:
 - Level 4.0 Fighting
 + Level 8.2 Short Blades
 * Level 16.3(16.4) Slings
 - Level 0.8(7.9) Throwing
 - Level 3.0 Armour
 * Level 11.0 Dodging
 + Level 8.2 Stealth
 + Level 4.4 Invocations


You had 11 spell levels left.
You didn't know any spells.

Dungeon Overview and Level Annotations

Branches:
Dungeon (12/15)            Temple (1/1) D:7            Lair (0/6) D:9
    Orc (0/2) D:9

Altars:
Ashenzari
Cheibriados
Dithmenos
Elyvilon
Fedhas
Gozag
Hepliaklqana
Kikubaaqudgha
Makhleb
Nemelex Xobeh
Okawaru
Qazlal
Ru
Sif Muna
Trog
Uskayaw
Vehumet
Xom
Yredelemnul
Zin
The Shining One

Shops:
D:6 }   D:7 (   D:9 [   D:10 (

Annotations:
D:9 exclusion: ice statue
D:12 Kirke


Innate Abilities, Weirdness & Mutations

You are small and have problems with some larger weapons.
You are somewhat resistant to further mutation.


Message History

You hear some strange, mumbled words.
You feel a momentary urge to oink. The harpy completely misses you.
The harpy barely misses you. The harpy misses you.
The harpy completely misses you. The harpy claws you! The harpy misses you.
The harpy completely misses you. The harpy misses you.
The harpy screeches!
The harpy claws you. The harpy completely misses you. The harpy misses you.
The harpy claws you. The harpy closely misses you. The harpy misses you.
The harpy barely misses you. The harpy misses you. Something hits you!
* * * LOW HITPOINT WARNING * * *
The harpy completely misses you. The harpy closely misses you.
Something hits you!
* * * LOW HITPOINT WARNING * * *
As you read the scroll of teleportation, it crumbles to dust.
You feel strangely unstable. The harpy completely misses you.
The harpy misses you. The harpy claws you!
* * * LOW HITPOINT WARNING * * *
The harpy completely misses you. The harpy barely misses you.
The harpy completely misses you. The harpy claws you.
You die...

####################
...................#
################.###
###..# ##...H#
############...Hh###
§§§§†..........H...#
#########...÷....#.#
#...........#.####.#
#.............# ##.#
#####
#...........### #..#
#...# #...........#
#.## #...#
............# #.#
#...# ..#####.).#.#
#.# #...#


You could see 3 harpies.

Vanquished Creatures
  The ghost of Stendarr the Destroyer, a novice HEAE of Okawaru (D:10)
  2 hill giants
  A rime drake (D:10)
  2 trolls
  A two-headed ogre (D:9)
  6 hippogriffs
  A hornet (D:8)
  A wraith (D:11)
  6 yaks
  A basilisk (D:12)
  3 hogs (D:12)
  2 hungry ghosts
  4 vampire mosquitoes
  Edmund (D:5)
  A mottled dragon (D:11)
  The ghost of mcbry the Vandal, an amateur HaHu of Ashenzari (D:3)
  15 water moccasins
  An ice beast (D:8)
  8 orc warriors
  5 sky beasts
  A hornet zombie (D:12)
  A phantom (D:6)
  7 ogres
  3 centaurs
  A crocodile (D:12)
  3 big kobolds
  11 bullfrogs
  A wyvern skeleton (D:8)
  A water moccasin zombie (D:7)
  5 scorpions
  12 killer bees
  6 wights
  2 howler monkeys (D:6)
  An electric eel (D:10)
  2 crimson imps (D:8)
  A bullfrog zombie (D:12)
  A quasit (D:7)
  2 jellies
  7 hounds
  An orc priest (D:6)
  2 bullfrog skeletons
  13 orc wizards
  A centaur skeleton (D:4)
  5 iguanas
  3 worker ants
  A hound skeleton (D:9)
  35 adders
  4 gnolls (D:8)
  A shadow imp (D:10)
  An ooze (D:5)
  An adder skeleton (D:6)
  6 worms
  5 leopard geckos
  36 orcs
  8 bats
  6 giant cockroaches
  14 goblins
  6 hobgoblins
  22 jackals
  20 kobolds
  8 quokkas
  4 frilled lizards (D:1)
  A quokka skeleton (D:4)
  7 rats
  A fungus (D:1)
343 creatures vanquished.

Vanquished Creatures (others)
  3 water moccasins (D:10)
3 creatures vanquished.

Grand Total: 346 creatures vanquished

Notes
Turn   | Place    | Note
-------+----------+-------------------------------------------
     0 | D:1      | mcbry the Halfling Hunter began the quest for the Orb.
     0 | D:1      | Reached XP level 1. HP: 14/14 MP: 1/1
   102 | D:1      | Reached skill level 6 in Slings
   183 | D:1      | Reached XP level 2. HP: 19/19 MP: 2/2
   458 | D:1      | Reached XP level 3. HP: 24/24 MP: 3/3
   470 | D:1      | Reached skill level 7 in Slings
  1093 | D:1      | Reached XP level 4. HP: 29/29 MP: 4/4
  1544 | D:2      | Reached skill level 1 in Armour
  2151 | D:2      | Reached XP level 5. HP: 35/35 MP: 5/5
  2420 | D:3      | Noticed mcbry's ghost (amateur HaHu)
  2451 | D:3      | Killed mcbry's ghost
  2451 | D:3      | Reached skill level 1 in Short Blades
  2451 | D:3      | Reached skill level 8 in Slings
  2451 | D:3      | Reached XP level 6. HP: 16/41 MP: 6/6
  3365 | D:3      | Found a glowing silver altar of Zin.
  3366 | D:3      | Noticed an angel
  3478 | D:4      | Reached skill level 9 in Slings
  3637 | D:4      | Reached XP level 7. HP: 36/46 MP: 4/7
  4042 | D:4      | Noticed a moth of wrath
  4045 | D:4      | Found a bloodstained altar of Trog.
  4651 | D:5      | Entered Level 5 of the Dungeon
  4775 | D:5      | Noticed Edmund
  4811 | D:5      | Killed Edmund
  4811 | D:5      | Reached skill level 10 in Slings
  5125 | D:5      | Reached XP level 8. HP: 54/54 MP: 8/8
  6201 | D:6      | Reached skill level 11 in Slings
  6249 | D:6      | Found Xaickant's Gadget Shop.
  6485 | D:6      | Reached XP level 9. HP: 58/58 MP: 9/9
  6803 | D:6      | Reached skill level 12 in Slings
  7672 | D:6      | Reached skill level 5 in Dodging
  9740 | D:7      | Found a hide-covered altar of Uskayaw.
 10090 | D:7      | Reached skill level 5 in Short Blades
 10090 | D:7      | Reached skill level 13 in Slings
 10253 | D:7      | Reached XP level 10. HP: 63/63 MP: 10/10
 10401 | D:7      | Found Wudwust's Weapon Boutique.
 10404 | D:7      | Bought 21 sling bullets for 157 gold pieces
 10516 | D:7      | Found a staircase to the Ecumenical Temple.
 10828 | D:8      | Reached skill level 5 in Stealth
 11000 | D:8      | Got a coiled wooden ring
 11107 | D:8      | Reached skill level 14 in Slings
 11428 | Temple   | Entered the Ecumenical Temple
 11677 | Temple   | Became a worshipper of Cheibriados the Contemplative
 11752 | D:9      | Identified the ring "Nobeah" {-Tele MR+ Str+7 Int+3} (You found it on level 8 of the Dungeon)
 11753 | D:9      | Found Cezoov's Armour Shop.
 11785 | D:9      | Found a staircase to the Orcish Mines.
 12033 | D:9      | Noticed a hill giant
 12061 | D:9      | Reached * piety under Cheibriados
 12071 | D:9      | Killed a hill giant
 12071 | D:9      | Reached XP level 11. HP: 66/69 MP: 11/11
 12260 | D:9      | Found a staircase to the Lair.
 12534 | D:9      | Reached skill level 15 in Slings
 12650 | D:9      | Reached ** piety under Cheibriados
 12655 | D:9      | Reached skill level 1 in Invocations
 12980 | D:10     | Entered Level 10 of the Dungeon
 13292 | D:10     | Got a scintillating lead ring
 13304 | D:10     | Identified the ring of Epludus {*Tele rN+} (You found it on level 10 of the Dungeon)
 13342 | D:10     | Got an ichor-stained falchion
 13343 | D:10     | Identified the +1 falchion "Tukkuy" {freeze, rF++} (You found it on level 10 of the Dungeon)
 13753 | D:10     | Reached *** piety under Cheibriados
 14031 | D:10     | Reached skill level 10 in Dodging
 14109 | D:10     | Noticed Stendarr's ghost (novice HEAE)
 14161 | D:10     | Killed Stendarr's ghost
 14467 | D:10     | Reached **** piety under Cheibriados
 14886 | D:10     | Found Adiakhev's Antique Weapon Shoppe.
 14966 | D:10     | Reached XP level 12. HP: 43/74 MP: 8/14
 15285 | D:11     | HP: 1/74 [hill giant/giant club (3)]
 15611 | D:11     | Reached skill level 16 in Slings
 15902 | D:12     | Reached ***** piety under Cheibriados
 16002 | D:12     | Noticed Kirke
 16287 | D:12     | HP: 2/74 [harpy[Kirke] (9)]
 16287 | D:12     | Slain by a harpy

Skill      XL: |  1  2  3  4  5  6  7  8  9 10 11 12 |
---------------+-------------------------------------+-----
Slings         | 6 7 8 9 10 11 13 14 15 16 | 16.3
Fighting       | 2 3 4 |  4.0
Armour         | 1 2 3 |  3.0
Short Blades   | 1 2 3 5 6 7 8 |  8.2
Stealth        | 2 4 6 7 8 |  8.2
Dodging        | 4 6 8 10 11 | 11.0
Invocations    | 3 4 |  4.4
Throwing       | |  0.8

Action                   |  1- 3 |  4- 6 |  7- 9 | 10-12 || total
-------------------------+-------+-------+-------+-------++-------
Melee: Short sword       |    20 |    90 |    43 |       ||   153
       Long sword        |       |       |    72 |    82 ||   154
       Dagger            |       |       |     1 |    43 ||    44
       Falchion          |       |       |       |   245 ||   245
       Unarmed           |       |       |       |    11 ||    11
 Fire: Hunting sling     |    79 |   164 |   305 |   510 ||  1058
Throw: Stone             |       |     3 |    23 |    44 ||    70
Invok: Bend Time         |       |       |       |     1 ||     1
Evoke: Wand              |       |       |     1 |       ||     1
  Use: Scroll            |       |    11 |     6 |    11 ||    28
       Potion            |       |     4 |     2 |     8 ||    14
 Stab: Sleeping          |     2 |       |       |     1 ||     3
  Eat: Chunk             |       |     3 |     1 |     4 ||     8
       Bread ration      |       |     1 |     3 |       ||     4
       Meat ration       |       |     1 |     1 |     2 ||     4
       Pizza             |       |       |     1 |       ||     1
       Beef jerky        |       |       |     1 |       ||     1
       Fruit             |       |       |       |     1 ||     1
Armor: Leather armour    |     7 |     1 |    11 |       ||    19
       Ring mail         |       |    39 |       |       ||    39
       Plate armour      |       |       |    85 |    58 ||   143
       Scale mail        |       |       |       |   177 ||   177
Dodge: Dodged            |    18 |    62 |   125 |   730 ||   935
       Rpst.: Long sword |       |       |     9 |    35 ||    44
       Falchion          |       |       |       |    96 ||    96
